 Dungeon Crawl Stone Soup version 0.31.0-12-g77e489cdc1 (webtiles) character file.

Game seed: 18229121376305592973

39100 TerraPolaris the Severer (level 13, -6/122 HPs)
             Began as a Minotaur Fighter on Feb 21, 2024.
             Was the Champion of Okawaru.
             Mangled by a spriggan rider
             ... wielding a +0 spear
              (20 damage)
             ... on level 5 of the Lair of Beasts.
             The game lasted 01:22:53 (14255 turns).

TerraPolaris the Severer (Minotaur Fighter)        Turns: 14255, Time: 01:22:53

Health: -6/122     AC: 23    Str: 31    XL:     13   Next: 67%
Magic:  4/4        EV: 13    Int: 13    God:    Okawaru [******]
Gold:   887        SH:  0    Dex: 18    Spells: 12/12 levels left

rFire   + . .        N - +8 executioner's axe of Toagie Vien {antimagic, Int+5 Dex+4}
rCold   . . .        (shield currently unavailable)
rNeg    . . .        w - +8 chain mail "Kuclasuy" {Int+3 Slay+3 Stlth+}
rPois   +            O - +1 hat "Qifamun" {rF+}
rElec   +            (no cloak)
rCorr   .            A - +1 pair of gloves {Dex+3}
SInv    .            (no boots)
Will    .....        U - amulet of regeneration
Stlth   +            a - +6 ring of strength
HPRegen 1.20/turn    M - ring "Yfaack" {rElec rPois}
MPRegen 0.09/turn

%: no passive effects
@: lethally poisoned (-6 -> -9)
A: horns 2, retaliatory headbutt
a: Renounce Religion, Heroism, Finesse, Duel


You were on level 5 of the Lair of Beasts.
You worshipped Okawaru.
Okawaru was exalted by your worship.
You visited 3 branches of the dungeon, and saw 14 of its levels.
You also visited: Bailey.

You collected 887 gold pieces.

Inventory:

Hand Weapons
 N - the +8 executioner's axe of Toagie Vien (weapon) {antimagic, Int+5 Dex+4}
   (Okawaru gifted it to you on level 1 of the Lair of Beasts)

   Int+5:     It affects your intelligence (+5).
   Dex+4:     It affects your dexterity (+4).
Missiles
 L - 3 silver javelins (quivered)
 Q - a datura-tipped dart
 S - 6 boomerangs
 T - 5 javelins
Armour
 w - the +8 chain mail "Kuclasuy" (worn) {Int+3 Slay+3 Stlth+}
   (You found it on level 4 of the Dungeon)

   Int+3:     It affects your intelligence (+3).
   Slay+3:    It affects your accuracy & damage with ranged weapons and melee
   (+3).
   Stlth+:    It makes you more stealthy.
 A - a +1 pair of gloves of dexterity (worn)
 O - the +1 hat "Qifamun" (worn) {rF+}
   (Okawaru gifted it to you on level 1 of the Lair of Beasts)

   rF+:       It protects you from fire.
Jewellery
 a - a +6 ring of strength (left hand)
 x - a ring of willpower
 y - an amulet of the acrobat
 C - an amulet of faith
 I - an amulet of guardian spirit
 J - a ring of wizardry
 M - the ring "Yfaack" (right hand) {rElec rPois}
   (You found it on level 1 of the Lair of Beasts)

   [ring of poison resistance]

   rElec:     It insulates you from electricity.
   rPois:     It protects you from poison
 R - the ring "Tott" {Dex+2 SInv}
   (You found it on level 2 of the Lair of Beasts)

   [ring of see invisible]

   Dex+2:     It affects your dexterity (+2).
   SInv:      It lets you see invisible.
 U - an amulet of regeneration (around neck)
Wands
 t - a wand of iceblast (17)
 B - a wand of mindburst (7)
 D - a wand of flame (25)
Scrolls
 e - 15 scrolls of identify {unknown}
 f - 5 scrolls of teleportation {unknown}
 g - 3 scrolls of amnesia {unknown}
 h - 7 scrolls of enchant armour
 j - 6 scrolls of immolation {unknown}
 l - 3 scrolls of fog {unknown}
 m - 2 scrolls of revelation {unknown}
 o - 4 scrolls of blinking {unknown}
 p - 3 scrolls of acquirement
 q - 3 scrolls of vulnerability {unknown}
 s - 2 scrolls of brand weapon {unknown}
 v - 2 scrolls of fear {unknown}
 z - 6 scrolls of enchant weapon
 H - 2 scrolls of butterflies {unknown}
Potions
 b - a potion of lignification {unknown}
 c - a potion of experience {unknown}
 d - 3 potions of might
 i - 4 potions of heal wounds {unknown}
 k - 5 potions of curing
 n - 5 potions of attraction {unknown}
 r - 3 potions of magic {unknown}
 u - 2 potions of degeneration {unknown}
 E - 4 potions of haste {unknown}
 F - 2 potions of mutation {unknown}
 G - a potion of cancellation {unknown}
 K - a potion of enlightenment {unknown}
 P - a potion of invisibility {unknown}
 V - a potion of berserk rage {unknown}


   Skills:
 + Level 13.2 Fighting
 + Level 20.5 Axes
 + Level 11.9 Armour
 + Level 6.2 Dodging
 + Level 1.9 Stealth
 + Level 6.3 Shields


You had 12 spell levels left.
You didn't know any spells.
Your spell library contained the following spells:

 Spells                   Type           Power      Damage    Failure   Level
 Cigotuvi's Dreadful Rot  Necr/Alch/Air  0%         N/A       80%         2
 Ensorcelled Hibernation  Hex/Ice        0%         N/A       80%         2
 Fugue of the Fallen      Necr           0%         N/A       95%         3
 Inner Flame              Hex/Fire       0%         N/A       95%         3
 Ozocubu's Armour         Ice            0%         N/A       95%         3
 Passwall                 Erth           0%         N/A       95%         3
 Swiftness                Air            0%         N/A       95%         3
 Anguish                  Hex/Necr       0%         N/A       100%        4
 Flame Wave               Conj/Fire      0%         2d4       100%        4
 Ignite Poison            Fire/Alch      0%         N/A       100%        4
 Manifold Assault         Tloc           0%         N/A       100%        4
 Sticky Flame             Fire/Alch      0%         2d4       100%        4
 Freezing Cloud           Conj/Ice/Air   0%         6-21      100%        5


Dungeon Overview and Level Annotations

Branches:
Dungeon (8/15)             Temple (1/1) D:4            Lair (5/5) D:8
 Shoals (0/4) Lair:3       Spider (0/4) Lair:3        Slime (0/5) Lair:5
 Bailey (visited)

Altars:
Ashenzari
Cheibriados
Dithmenos
Elyvilon
Fedhas
Gozag
Makhleb
Nemelex Xobeh
Okawaru
Qazlal
Ru
Sif Muna
Trog
Uskayaw
Vehumet
Wu Jian
Xom
Yredelemnul
Zin
The Shining One
Jiyva

Shops:
D:6 !


Innate Abilities, Weirdness & Mutations

You have a pair of horns on your head.
You reflexively headbutt those who attack you in melee.


Message History

The spriggan rider hits you from afar with a +0 spear!
The spriggan rider hits you but does no damage.
The cane toad stings you but does no damage.
The spriggan hits you but does no damage.
You barely miss the spriggan. Your headbutt misses the spriggan.
The spriggan is almost dead.
You slash the spriggan!
You kill the spriggan!
Okawaru accepts your kill.
You closely miss the cane toad.
The spriggan hits you with a +0 falchion.
* * * LOW HITPOINT WARNING * * *
The spriggan rider hits you but does no damage. x2
The wolf closely misses you. The cane toad stings you!
* * * LOW HITPOINT WARNING * * *
You are poisoned.
The cane toad poisons you!
You slice the spriggan!!
You kill the spriggan!
Okawaru accepts your kill.
You hit the cane toad. You closely miss the wolf.
You feel very sick. The wolf bites you but does no damage.
The cane toad barely misses you.
The spriggan rider hits you but does no damage.
The spriggan rider closely misses you.
You slice the cane toad!!
The cane toad is heavily wounded.
You slice the wolf!!
You kill the wolf!
Okawaru accepts your kill.
You feel very sick.
The spriggan hits you but does no damage.
The cane toad stings you!
* * * LOW HITPOINT WARNING * * *
You slice the polar bear!!
The polar bear is severely wounded.
You miss the spriggan. You barely miss the cane toad.
You feel sick.
The spriggan rider hits you but does no damage.
The spriggan rider hits you from afar with a +0 spear!!
You die...

♣♣♣..♣ ♣....
♣♣....♣
♣....
♣♣.....♣
#....
♣...♣♣.♣
♣##.<
♣♣..♣♣♣.♣♣
#... ♣..♣♣
♣..♣♣♣# #...
♣.♣♣
♣♣†.♣.###...
♣..♣
♣......P...
♣@†♣
♣♣♣..†/....


♣.hFhi♣ ♣##††.... ♣.i.♣i$♣ #..†##.. ♣... ♣.♣ ##.###.. ..?.. ?. #####.. .....♣
♣.. #... ♣♣...♣ ..♣ ##.. .... ♣.. ##. #.#. You could see 2 spriggan riders, a
polar bear, a cane toad, a black bear and a spriggan.

Vanquished Creatures
  Gastronok (D:8)
  A hydra (Lair:5)
  A two-headed ogre (D:7)
  Erica (D:8)
  Amaemon (Lair:2)
  A skyshark (Lair:3)
  A will-o-the-wisp (Lair:5)
  4 black mambas
  A merfolk siren (Lair:3)
  15 elephants
  The ghost of spaghetti the Cudgeller, a novice NaFi (D:5)
  An orange demon (Lair:2)
  Maggie (Lair:1)
  A kobold demonologist (D:6)
  Jeremiah (Lair:1)
  13 cane toads
  10 komodo dragons
  2 merfolk (Lair:3)
  3 polar bears
  3 hornets
  2 dream sheep (Lair:5)
  21 blink frogs
  2 slime creatures (D:6)
  7 spriggans
  20 yaks
  5 wyverns
  6 vampire mosquitoes (Lair:5)
  A steam dragon (D:8)
  A basilisk (Lair:3)
  12 water moccasins
  2 sky beasts
  11 orc warriors
  An ice beast (D:7)
  4 black bears (Lair:5)
  An ogre (D:5)
  17 wolves
  2 boggarts (Lair:5)
  2 centaurs
  A phantom (D:3)
  3 kobold brigands
  15 bullfrogs
  2 scorpions
  8 wights (D:7)
  2 electric eels (Lair:4)
  2 howler monkeys
  2 bombardier beetles (D:5)
  5 hounds
  10 jellies
  5 gnoll boudas
  6 orc priests
  3 iguanas
  A sleepcap (D:5)
  5 orc wizards
  4 hell rats (Lair:1)
  17 gnolls
  3 adders
  2 shadow imps
  3 white imps
  3 ribbon worms
  2 dart slugs
  42 orcs
  10 endoplasms
  4 giant cockroaches
  15 goblins
  5 hobgoblins
  5 jackals
  6 quokkas
  9 ball pythons
  4 bats
  3 frilled lizards (D:1)
  15 kobolds
  5 rats
  2 butterflies (Lair:1)
409 creatures vanquished.

Vanquished Creatures (others)
  8 foxfires (Lair:5)
8 creatures vanquished.

Grand Total: 417 creatures vanquished

Notes
Turn   | Place    | Note
-------+----------+-------------------------------------------
     0 | D:1      | TerraPolaris the Minotaur Fighter began the quest for the
                  | Orb.
     0 | D:1      | Reached XP level 1. HP: 19/19 MP: 0/0
   248 | D:1      | Reached XP level 2. HP: 27/27 MP: 1/1
   745 | D:2      | Reached skill level 3 in Axes
   745 | D:2      | Reached XP level 3. HP: 30/33 MP: 2/2
  2120 | D:3      | Reached XP level 4. HP: 40/40 MP: 3/3
  2132 | D:3      | Found a glowing golden altar of the Shining One.
  2133 | D:3      | Found a basalt altar of Yredelemnul.
  2133 | D:3      | Found a bloodstained altar of Trog.
  2134 | D:3      | Found a shadowy altar of Dithmenos.
  2161 | D:3      | Reached skill level 4 in Axes
  2183 | D:3      | Noticed a phantom
  2198 | D:3      | Killed a phantom
  2199 | D:3      | Reached skill level 1 in Dodging
  2199 | D:3      | Reached XP level 5. HP: 42/47 MP: 4/4
  2765 | D:3      | Reached skill level 5 in Axes
  3044 | D:4      | Found a staircase to the Ecumenical Temple.
  3072 | D:4      | Reached XP level 6. HP: 49/53 MP: 5/5
  3113 | Temple   | Entered the Ecumenical Temple
  3196 | Temple   | Became a worshipper of Warmaster Okawaru
  3389 | D:4      | Identified the +8 chain mail "Kuclasuy" {Int+3 Slay+3
                  | Stlth+}
  3957 | D:5      | Entered Level 5 of the Dungeon
  4002 | D:5      | Reached skill level 5 in Armour
  4073 | D:5      | Reached skill level 6 in Axes
  4122 | D:5      | Reached skill level 5 in Fighting
  4142 | D:5      | Noticed a yak
  4158 | D:5      | Found a transporter.
  4162 | D:5      | Found a transporter.
  4162 | D:5      | Noticed spaghetti's ghost (novice NaFi)
  4275 | D:5      | Found a blossoming altar of Fedhas.
  4294 | D:5      | Reached XP level 7. HP: 61/61 MP: 6/6
  4310 | D:5      | Found a shimmering altar of Xom.
  4432 | D:5      | Found an opulent altar of Gozag.
  4435 | D:5      | Reached * piety under Okawaru
  4612 | D:5      | Reached skill level 7 in Axes
  4830 | D:5      | Killed a yak
  4831 | D:5      | Reached XP level 8. HP: 56/70 MP: 7/7
  4835 | D:5      | Reached skill level 5 in Shields
  4843 | D:5      | Killed spaghetti's ghost
  4843 | D:5      | Reached ** piety under Okawaru
  4844 | D:5      | Reached skill level 8 in Axes
  4844 | D:5      | Reached skill level 1 in Stealth
  5266 | D:6      | Reached skill level 9 in Axes
  5404 | D:6      | Found a stormy altar of Qazlal.
  5404 | D:6      | Found a shadowy altar of Dithmenos.
  5404 | D:6      | Found a glowing golden altar of the Shining One.
  5404 | D:6      | Found a shimmering altar of Xom.
  5404 | D:6      | Found a hide-covered altar of Uskayaw.
  5404 | D:6      | Found a burning altar of Makhleb.
  5404 | D:6      | Noticed a slime creature
  5404 | D:6      | Noticed a slime creature
  5409 | D:6      | Killed a slime creature
  5409 | D:6      | Reached *** piety under Okawaru
  5410 | D:6      | Reached skill level 10 in Axes
  5412 | D:6      | Reached XP level 9. HP: 33/78 MP: 8/8
  5500 | D:6      | Noticed a kobold demonologist
  5511 | D:6      | Killed a kobold demonologist
  5512 | D:6      | Reached skill level 11 in Axes
  5518 | D:6      | Reached **** piety under Okawaru
  5565 | D:6      | Found Rics's Distillery.
  6036 | D:7      | Noticed a two-headed ogre
  6049 | D:7      | Killed a two-headed ogre
  6050 | D:7      | Reached skill level 12 in Axes
  6365 | D:7      | Reached ***** piety under Okawaru
  6390 | D:7      | Reached XP level 10. HP: 87/88 MP: 9/9
  6769 | D:7      | Reached skill level 13 in Axes
  6858 | D:8      | Found a flagged portal.
  6971 | Bailey   | Entered a bailey
  7111 | Bailey   | HP: 2/88 [orc warrior/+0 halberd (10)]
  7708 | D:8      | Noticed Erica
  7715 | D:8      | Killed Erica
  7716 | D:8      | Reached skill level 14 in Axes
  7729 | D:8      | Noticed Gastronok
  7737 | D:8      | Killed Gastronok
  7737 | D:8      | Received a gift from Okawaru
  8053 | D:8      | Found a staircase to the Lair.
  8097 | D:8      | Reached XP level 11. HP: 97/97 MP: 10/10
  8109 | D:8      | Reached skill level 15 in Axes
  8206 | Lair:1   | Entered Level 1 of the Lair of Beasts
  8501 | Lair:1   | Received a gift from Okawaru
  8505 | Lair:1   | Identified the ring "Yfaack" {rElec rPois}
  8633 | Lair:1   | Noticed Maggie
  8637 | Lair:1   | Reached ****** piety under Okawaru
  8638 | Lair:1   | Noticed Jeremiah
  8643 | Lair:1   | Killed Maggie
  8657 | Lair:1   | Killed Jeremiah
  8728 | Lair:1   | Reached skill level 16 in Axes
  8998 | Lair:1   | Acquired the +8 executioner's axe of Toagie Vien
                  | {antimagic, Int+5 Dex+4}
  8998 | Lair:1   | Received a gift from Okawaru
  9082 | Lair:1   | Acquired the +1 hat "Qifamun" {rF+}
  9082 | Lair:1   | Received a gift from Okawaru
  9447 | Lair:2   | Noticed Amaemon
  9450 | Lair:2   | Identified the +2 helmet of the Valley of Death {Rampage
                  | +Blink rPois Str+4}
  9458 | Lair:2   | Killed Amaemon
  9458 | Lair:2   | Received a gift from Okawaru
  9459 | Lair:2   | Reached skill level 10 in Fighting
  9459 | Lair:2   | Reached skill level 5 in Dodging
  9461 | Lair:2   | Reached skill level 10 in Armour
  9969 | Lair:2   | Reached skill level 17 in Axes
  9973 | Lair:2   | Reached XP level 12. HP: 75/107 MP: 3/11
  9975 | Lair:2   | Received a gift from Okawaru
 10185 | Lair:2   | Identified the ring "Tott" {Dex+2 SInv}
 10595 | Lair:3   | Received a gift from Okawaru
 10632 | Lair:3   | Reached skill level 18 in Axes
 10683 | Lair:3   | Found a staircase to the Shoals.
 11301 | Lair:3   | You fall into a shaft and drop 2 floors!
 11301 | Lair:5   | Entered Level 5 of the Lair of Beasts
 11336 | Lair:4   | Received a gift from Okawaru
 11459 | Lair:3   | Reached skill level 19 in Axes
 11731 | Lair:3   | Found a hole to the Spider Nest.
 12570 | Lair:4   | Reached XP level 13. HP: 118/118 MP: 4/12
 13224 | Lair:4   | Received a gift from Okawaru
 13695 | Lair:5   | Found a staircase to the Slime Pits.
 13695 | Lair:5   | Found a viscous altar of Jiyva.
 14121 | Lair:5   | Reached skill level 20 in Axes
 14134 | Lair:5   | Received a gift from Okawaru
 14255 | Lair:5   | Mangled by a spriggan rider

Illustrated notes

Levels and vault maps discovered:
D:1:      lightli_molten_gateway, layout_loops_ring
D:2:      layout_basic, serial_rivers, chequers_serial_rivers_small_3,
          chequers_serial_rivers_micro_a, chequers_serial_rivers_small_b,
          chequers_serial_rivers_large_a, chequers_serial_rivers_small_3,
          chequers_serial_rivers_micro_a, minmay_pentomino_s4
D:3:      layout_basic, chequers_temple_overflow_statue_of_worship
D:4:      layout_cave_pools, temple_statues
D:5:      layout_loops_ring, mainiacjoe_overflow_large_starburst,
          nicolae_gozag_seed_capital, gammafunk_ghost_arena, corexii_checkpoint
D:6:      cheibrodos_fertilizer, layout_gridville, serial_shops, shop
D:7:      layout_loops_ring
D:8:      layout_basic, david_lair_shrubbed, enter_bailey_3, uniq_gastronok,
          uniq_erica
Temple:   hellmonk_temple_forest_ring
Lair:1:   layout_regular_city, infiniplex_staircase_pool, lemuel_fruit_fields,
          uniq_maggie, uniq_jeremiah
Lair:2:   layout_hall_layers, grunt_megastairs_3, uniq_amaemon
Lair:3:   layout_hall_layers, elwin_shoals_entry_rooms, dummy_spider_entry,
          grunt_megastairs_5
Lair:4:   layout_gridlike, grunt_forest_large_clearings
Lair:5:   minmay_lair_end_enchanted_forest, layout_cave_shapes,
          nicolae_slime_entry_field_trip, pond

Skill      XL: |  1  2  3  4  5  6  7  8  9 10 11 12 13 |
---------------+----------------------------------------+-----
Armour         | 4 5 6 7 9 10 11 | 11.9
Fighting       | 4 5 6 7 9 10 12 13 | 13.2
Axes           | 3 4 5 6 7 10 12 14 17 19 20 | 20.5
Shields        | 4 5 6 |  6.3
Dodging        | 1 2 3 4 5 6 |  6.2
Stealth        | 1 |  1.9

Action                     |  1- 3 |  4- 6 |  7- 9 | 10-12 | 13-15 || total
---------------------------+-------+-------+-------+-------+-------++-------
  Melee: War axe           |    93 |   118 |   145 |       |       ||   356
         Headbutt          |     9 |    23 |    35 |   402 |   181 ||   650
         Battleaxe         |       |       |     7 |   331 |       ||   338
         Executioner's axe |       |       |       |   745 |   444 ||  1189
 Invoke: Receive Weapon    |       |       |       |     1 |       ||     1
         Receive Armour    |       |       |       |     1 |       ||     1
    Use: Potion            |       |       |       |     2 |     2 ||     4
 Armour: Scale mail        |    54 |    59 |       |       |       ||   113
         Chain mail        |       |    32 |   116 |   297 |   175 ||   620
  Dodge: Dodged            |    52 |    68 |    96 |   319 |   109 ||   644
  Block: Buckler           |    16 |    32 |    33 |       |       ||    81
